 Dungeon Crawl Stone Soup version 0.27.0-1-g7a089689b8 (webtiles) character file.

Game seed: 3083594680715879299

3 PentaManta the Charlatan (level 1, 0/16 HPs)
             Began as a Ghoul Artificer on Aug 14, 2021.
             Frozen to death by an endoplasm (1 damage)
             ... on level 1 of the Dungeon.
             The game lasted 00:00:59 (319 turns).

PentaManta the Charlatan (Ghoul Artificer)           Turns: 319, Time: 00:00:59

Health: 0/16       AC:  3    Str: 15    XL:     1   Next: 50%
Magic:  0/0        EV: 11    Int:  6    God:
Gold:   0          SH:  0    Dex:  9    Spells: 0/0 levels left

rFire    . . .     SeeInvis .     - Unarmed
rCold    + . .     Faith    .   (no shield)
rNeg     + + +     Spirit   .   b - +0 leather armour
rPois    ∞         Reflect  .   (no helmet)
rElec    .         Harm     .   (no cloak)
rCorr    .         Rampage  .   (no gloves)
Will     .....                  (no boots)
Stlth    +.........             (no amulet)
HPRegen  0.00/turn              (no ring)
MPRegen  0.07/turn              (no ring)

@: inhibited regen
A: claws 1, cold resistance 1, negative energy resistance 3, inhibited
regeneration, torment resistance 2
a: no special abilities


You were on level 1 of the Dungeon.
You visited 1 branch of the dungeon, and saw 1 of its levels.

Inventory:

Armour
 b - a +0 leather armour (worn)
Wands
 c - a wand of flame (15) (quivered)
 d - a wand of charming (15)
Miscellaneous
 e - a piece from Xom's chessboard (15/15)


   Skills:
 - Level 1.1 Fighting
 - Level 1.7 Armour
 - Level 0.8 Dodging
 - Level 1.1 Stealth
 + Level 1.0 Unarmed Combat
 - Level 2.6 Evocations


You couldn't memorise any spells.
You didn't know any spells.
Your spell library contained the following spells:

 Spells                   Type           Power      Damage    Failure   Level
 Summon Small Mammal      Summ           0%         N/A       52%         1
 Call Canine Familiar     Summ           0%         N/A       88%         3
 Summon Guardian Golem    Hex/Summ       0%         N/A       88%         3


Dungeon Overview and Level Annotations

Branches:
Dungeon (1/15)

Altars:

Shops:
D:1 =


Innate Abilities, Weirdness & Mutations

You thrive by killing the living.
You are immune to poison.
You have sharp fingernails.
Your flesh is cold resistant. (rC+)
You are immune to negative energy. (rN+++)
You do not regenerate when monsters are visible.
You are immune to unholy pain and torment.


Message History

You scratch the kobold but do no damage.
The kobold is severely wounded.
The kobold hits you but does no damage. The endoplasm hits you.
You scratch the kobold but do no damage.
The kobold is severely wounded.
The kobold barely misses you. The endoplasm freezes you.
You are frozen.
You resist.
You are too injured to fight recklessly!
You are too injured to fight recklessly!
You are too injured to fight recklessly!
You scratch the endoplasm but do no damage.
The kobold hits you with a +0 club. The endoplasm closely misses you.
You scratch the endoplasm.
The endoplasm is severely wounded.
The kobold barely misses you. The endoplasm freezes you.
You are frozen.
You resist.
* * * LOW HITPOINT WARNING * * *
You are too injured to fight recklessly!
You are too injured to fight recklessly!
You are too injured to fight recklessly!
You are too injured to fight recklessly!
You scratch the kobold.
You kill the kobold!
The endoplasm barely misses you.
Your Unarmed Combat skill increases to level 1!
You scratch the hobgoblin.
The hobgoblin is almost dead.
The hobgoblin closely misses you. The endoplasm freezes you.
You are frozen.
You resist.
* * * LOW HITPOINT WARNING * * *
The hobgoblin hits you but does no damage.
The endoplasm hits you.
* * * LOW HITPOINT WARNING * * *
The hobgoblin hits you but does no damage.
The endoplasm freezes you.
You are frozen.
You resist.
You die...

#.##.#######
......g@...#
###..#J###.######.
... #............
. #####.#######
#.### #.# #.##.
#.# #.... #.#
#.##. #.# #.##.
#.# #.##.


You could see an endoplasm and a hobgoblin.

Vanquished Creatures
  An endoplasm (D:1)
  A ball python (D:1)
  2 kobolds (D:1)
4 creatures vanquished.

Notes
Turn   | Place    | Note
-------+----------+-------------------------------------------
     0 | D:1      | PentaManta the Ghoul Artificer began the quest for the Orb.
     0 | D:1      | Reached XP level 1. HP: 16/16 MP: 0/0
   280 | D:1      | Found Ymaxky's Jewellery Boutique.
   317 | D:1      | Reached skill level 1 in Unarmed Combat
   319 | D:1      | Frozen to death by an endoplasm

Illustrated notes

Levels and vault maps discovered:
D:1:      scummos_arrival_forest, layout_loops_ring, serial_shops, shop,
          hellmonk_ecumenical_altar_lost_god, minmay_misc_feat_more_columns

Skill      XL: |  1 |
---------------+----+-----
Unarmed Combat | 1 |  1.0
Fighting       | |  1.1
Armour         | |  1.7
Dodging        | |  0.8
Stealth        | |  1.1
Evocations     | |  2.6

Action                   || total
-------------------------++-------
Melee: Unarmed           ||    33
Armor: Leather armour    ||     6
Dodge: Dodged            ||    19
